[Event "Landsturneringen 2023"]
[Site "Vallhall, Oslo"]
[Date "2023.07.03"]
[Round "4"]
[White "Skogholt, Steinar Dieseth"]
[Black "Schouten, Ken Ronny"]
[Result "1/2-1/2"]
[WhiteElo "1211"]
[BlackElo "1339"]
[TimeControl "40/5400+30:1800+30"]
[BlackFideId "1533010"]
[WhiteFideId "1550047"]

1. d4 d5 2. Nf3 Nf6 3. c4 c6 4. Nc3 Bf5 5. Bf4 Nbd7 6. e3 Nh5 7. Bg3 e6 8.
Bd3 Bxd3 9. Qxd3 dxc4 10. Qxc4 Nb6 11. Qb3 Nxg3 12. hxg3 Qc7 13. Rc1 Bd6
14. Nb5 Qb8 15. Nxd6+ Qxd6 16. Ne5 Qd5 17. Qxd5 Nxd5 18. Ke2 Ke7 19. Nd3
Rac8 20. Rhd1 Kd6 21. Ne5 Rc7 22. Nc4+ Ke7 23. e4 Nf6 24. f3 Rd8 25. Ke3
Rcd7 26. Ne5 Rd6 27. g4 h6 28. Rc3 Ne8 29. Rb3 Rb8 30. Rc1 Rdd8 31. Rxc6 f6
32. Ng6+ Kf7 33. Nh8+ Kg8 34. Rxe6 Kxh8 35. Re7 Nd6 36. e5 fxe5 37. dxe5
Nc4+ 38. Kf4 Nb6 39. Re6 Nd5+ 40. Ke4 b6 41. f4 Rbc8 42. f5 Rc4+ 43. Kf3
Nc7 44. Re7 Rdd4 45. f6 gxf6 46. exf6 Rf4+ 47. Kg3 Rxf6 48. Rd3 Rg6 49.
Rdd7 Rcxg4+ 50. Kh3 Nb5 51. Rd8+ Rg8 52. Rdd7 R4g7 53. Rxg7 Rxg7 54. Rd5
Rg5 55. Rd8+ Kg7 56. a4 a5 57. axb5 Rxb5 58. Rd2 Rb3+ 59. Kg4 Rb4+ 60. Kf5
Rb5+ 61. Kg4 Rg5+ 62. Kf3 b5 63. Rd7+ Kg6 64. Rd6+ Kh7 1/2-1/2

[Event "Landsturneringen 2023"]
[Site "Vallhall, Oslo"]
[Date "2023.07.03"]
[Round "4"]
[White "Granqvist, Arnold"]
[Black "Suprianto, Anto"]
[Result "1-0"]
[WhiteElo "1273"]
[BlackElo "1261"]
[TimeControl "40/5400+30:1800+30"]
[BlackFideId "1558820"]
[WhiteFideId "109105211"]

1. b3 Nf6 2. e3 e6 3. Bb2 Be7 4. Nf3 d6 5. c4 c5 6. d4 cxd4 7. Nxd4 e5 8.
Nf3 Bg4 9. h3 Bh5 10. Be2 O-O 11. O-O Nc6 12. Nxe5 Bxe2 13. Nxc6 Bxd1 14.
Nxd8 Be2 15. Re1 Bxc4 16. Nxb7 Ba6 17. Na5 Rfc8 18. Na3 d5 19. Rac1 Bb4 20.
Nc6 Bxe1 21. Ne7+ Kh8 22. Rxe1 Rd8 23. Rd1 Rd7 24. Nc6 Kg8 25. Bxf6 gxf6
26. Rxd5 Rxd5 27. Ne7+ Kg7 28. Nxd5 Rd8 29. Nb4 Rd1+ 30. Kh2 Be2 31. Nac2
Rd2 32. Nd4 Bh5 33. a4 Rxf2 34. Nbc6 a6 35. Nb4 Bg6 36. Kg3 Rb2 37. Nxa6
Be4 38. b4 Bb7 39. b5 Rxg2+ 40. Kf4 Ra2 41. Nc5 Bg2 42. b6 Rb2 43. a5 Bf1
44. Ndb3 Rf2+ 45. Kg3 Rg2+ 46. Kf3 Rg5 47. Kf2 Bc4 48. b7 Rf5+ 49. Kg3 Rg5+
50. Kf4 Bxb3 51. b8=Q Rxc5 52. a6 Bd5 53. a7 Ra5 54. Qd8 Ra4+ 55. Kg3 Be4
56. Qe8 Rxa7 57. Qxe4 Ra5 58. h4 Re5 59. Qg4+ Kf8 60. Kf4 h5 61. Qc8+ Kg7
62. Qc2 Ra5 63. Qg2+ Kh7 64. Qe4+ Kg7 65. Qb4 Re5 66. e4 Kg6 67. Qf8 Re6
68. Qg8+ Kh6 69. Kf5 Ra6 70. Qh8# 1-0

[Event "Landsturneringen 2023"]
[Site "Vallhall, Oslo"]
[Date "2023.07.03"]
[Round "4"]
[White "Halvorsen, Frode"]
[Black "Muggerud, Steinar"]
[Result "1-0"]
[WhiteElo "1373"]
[BlackElo "1245"]
[TimeControl "40/5400+30:1800+30"]
[BlackFideId "1572750"]
[WhiteFideId "1558595"]

1. e4 c6 2. Nf3 d5 3. exd5 cxd5 4. d4 Nf6 5. Bb5+ Bd7 6. Bxd7+ Nbxd7 7. c3
Qc7 8. O-O Ne4 9. Qa4 e6 10. Ne5 Nc5 11. dxc5 Qxe5 12. c6 bxc6 13. Qxc6 Bd6
14. g3 Rd8 15. Bf4 Qe2 16. Bxd6 Qxb2 17. Na3 Qb6 18. Qxb6 Nxb6 19. Bb4 h5
20. Nb5 a6 21. Nd6+ Rxd6 22. Bxd6 Nc4 23. Bc5 h4 24. Rab1 Rh5 25. Rfd1 f6
26. Rb7 hxg3 27. Re7+ Kd8 28. hxg3 Ne5 29. Rxg7 Nf3+ 30. Kg2 Ng5 31. Rb1
Kc8 32. Bd6 1-0

[Event "Landsturneringen 2023"]
[Site "Vallhall, Oslo"]
[Date "2023.07.03"]
[Round "4"]
[White "Olsen, Sondre"]
[Black "Kristiansen, David"]
[Result "1-0"]
[WhiteElo "1340"]
[BlackElo "1112"]
[TimeControl "40/5400+30:1800+30"]
[BlackFideId "1572083"]
[WhiteFideId "1560379"]

1. d4 f5 2. Nf3 Nf6 3. Bg5 e6 4. e3 Be7 5. c4 c6 6. Bd3 O-O 7. O-O d5 8.
Ne5 Nbd7 9. Nxd7 Bxd7 10. Bf4 Ne4 11. f3 Ng5 12. Bg3 Be8 13. Nc3 Bh5 14.
Qb3 b6 15. Qc2 Bg6 16. Bf2 Bd6 17. e4 fxe4 18. fxe4 Bh5 19. cxd5 cxd5 20.
exd5 exd5 21. Nxd5 Rc8 22. Qb3 Bf7 23. h4 Kh8 24. Qb5 Bxd5 25. Be3 Ne4 26.
Rxf8+ Bxf8 27. Rf1 Be7 28. Rf5 Bc6 29. Qe5 Bd6 30. Qe6 Bd7 31. Qxe4 Bxf5
32. Qxf5 Be7 1-0

[Event "Landsturneringen 2023"]
[Site "Vallhall, Oslo"]
[Date "2023.07.03"]
[Round "4"]
[White "Trondsen, Nicolai"]
[Black "Germiani, Yaro"]
[Result "1-0"]
[WhiteElo "1372"]
[BlackElo "1196"]
[TimeControl "40/5400+30:1800+30"]
[BlackFideId "1572075"]
[WhiteFideId "1566695"]

1. e4 g6 2. d4 Bg7 3. Nf3 d6 4. Bc4 Nf6 5. Nc3 c6 6. Bg5 b5 7. Bb3 b4 8.
Bxf6 Bxf6 9. Ne2 O-O 10. O-O Nd7 11. Qd3 a5 12. Rfd1 c5 13. e5 Ba6 14. Bc4
Bxc4 15. Qxc4 Nb6 16. Qb5 Bg7 17. dxc5 Nc8 18. exd6 exd6 19. cxd6 Qb6 20.
Qxb6 Nxb6 21. c3 Rfd8 22. cxb4 axb4 23. Rac1 Rxa2 24. Rc6 Nd7 25. Ned4 Ne5
26. Nxe5 Bxe5 27. f4 Bxf4 28. Ne2 Be3+ 29. Kf1 Rxb2 30. d7 Ra2 31. Rc8 Ra8
32. Rxa8 Rxa8 33. d8=Q+ Rxd8 34. Rxd8+ Kg7 35. Rb8 Bd2 36. Nd4 h5 37. Ke2
Bc3 38. Nc2 Be5 39. Rxb4 Bxh2 40. Kf3 Bg1 41. Ne3 g5 42. Nf5+ Kf6 43. Ng3
g4+ 44. Ke2 h4 45. Ne4+ Kg6 46. Nf2 g3 47. Nh3 Bh2 48. Rxh4 f5 49. Kf3 Kf6
50. Kf4 Kg6 51. Rh8 Kg7 52. Ra8 Bg1 53. Nxg1 Kg6 54. Ra6+ Kh5 55. Kxf5 Kh4
56. Rh6# 1-0

[Event "Landsturneringen 2023"]
[Site "Vallhall, Oslo"]
[Date "2023.07.03"]
[Round "4"]
[White "Dørum, Thomas"]
[Black "Jørgensen, Catherine"]
[Result "0-1"]
[WhiteElo "1379"]
[BlackElo "1256"]
[TimeControl "40/5400+30:1800+30"]
[BlackFideId "1562932"]
[WhiteFideId "1568701"]

1. Nf3 Nf6 2. d4 d5 3. Bf4 c5 4. e3 Nc6 5. Bb5 a6 6. Bxc6+ bxc6 7. dxc5 e6
8. b4 a5 9. c3 axb4 10. cxb4 Ba6 11. Ne5 Qc8 12. Nc3 Be7 13. Na4 Bd8 14.
Nd3 Bxd3 15. Nb6 Bxb6 16. cxb6 Ba6 17. Bd6 Nd7 18. Qg4 Rg8 19. Qh4 Nf6 20.
a4 Bb7 21. O-O Qd8 22. Bc5 h6 23. a5 Nd7 24. Qxd8+ Kxd8 25. Rfc1 Nxc5 26.
Rxc5 Kd7 27. Rac1 Kd6 28. b5 Rxa5 29. Rxc6+ Bxc6 30. bxc6 Ra6 31. c7 Rxb6
32. c8=Q Rxc8 33. Rxc8 Rb1+ 0-1

[Event "Landsturneringen 2023"]
[Site "Vallhall, Oslo"]
[Date "2023.07.03"]
[Round "4"]
[White "Sørensen, Vidar Busch"]
[Black "Rothschild, Frank Robert"]
[Result "1/2-1/2"]
[WhiteElo "1342"]
[BlackElo "1255"]
[TimeControl "40/5400+30:1800+30"]
[BlackFideId "1544934"]
[WhiteFideId "1513869"]

1. c4 c5 2. b3 e5 3. Bb2 d6 4. e3 Nf6 5. g3 g6 6. Bg2 Bg7 7. Nc3 O-O 8.
Nge2 Nc6 9. a3 a5 10. O-O Re8 11. d3 Qd7 12. Qc2 b6 13. Rad1 Bb7 14. f4 Ne7
15. Bxb7 Qxb7 16. Nb5 Rad8 17. fxe5 Ng4 18. Qd2 dxe5 19. h3 Nh6 20. Nec3
Nef5 21. Qf2 Nd6 22. e4 Rf8 23. g4 f6 24. Bc1 Nhf7 25. Nd5 Nxb5 26. cxb5
Nd6 27. a4 Nc8 28. h4 Ne7 29. Ne3 Qd7 30. Qg3 Qe6 31. Nc4 h6 32. Rf2 Rf7
33. Rdf1 Rdf8 34. g5 fxg5 35. hxg5 Rxf2 36. Rxf2 Rxf2 37. Kxf2 h5 1/2-1/2

[Event "Landsturneringen 2023"]
[Site "Vallhall, Oslo"]
[Date "2023.07.04"]
[Round "5"]
[White "Schouten, Ken Ronny"]
[Black "Granqvist, Arnold"]
[Result "1-0"]
[WhiteElo "1339"]
[BlackElo "1273"]
[TimeControl "40/5400+30:1800+30"]
[BlackFideId "109105211"]
[WhiteFideId "1533010"]

1. d4 Nf6 2. Bf4 e6 3. e3 Be7 4. Bd3 b6 5. h3 c5 6. c3 O-O 7. Nf3 cxd4 8.
cxd4 Ba6 9. O-O d5 10. Nc3 Bxd3 11. Qxd3 Nc6 12. a3 Bd6 13. Bxd6 Qxd6 14.
Rac1 Rfc8 15. Rc2 Na5 16. Nd2 a6 17. Rfc1 Rc6 18. f3 Rac8 19. Qxa6 Nc4 20.
Nxc4 dxc4 21. Ne2 Qc7 22. Qb5 h6 23. Nc3 Ra8 24. Qb4 Ra5 25. e4 Rg5 26. Nb5
Qg3 27. e5 Nh5 28. Kh1 Qh4 29. Qe1 Ng3+ 30. Kh2 Qf4 31. Kg1 Rh5 32. Qf2 g5
33. Re1 Rh4 34. Nc3 h5 35. Ne4 Nxe4 36. Rxe4 Qf5 37. Rxh4 gxh4 38. Rc3 Kg7
39. Qc2 Kg6 40. Qxf5+ Kxf5 41. Kf2 Kf4 42. a4 Rc8 43. Rc2 Rc7 44. Rc3 Rc8
45. Re3 Ra8 46. Ra3 Ra5 47. b4 cxb3 48. Rxb3 Rxa4 49. Rxb6 Ra2+ 50. Kf1 Kg3
51. Rb7 Rxg2 52. Rxf7 Rd2 53. Rf6 Rxd4 54. Ke2 Kxh3 55. Rxe6 Kg2 56. Rg6+
Kh2 57. e6 Rd8 58. e7 Re8 59. Rg7 h3 60. f4 Kh1 61. f5 h2 62. f6 h4 63. Ke3
h3 64. Ke4 Ra8 65. f7 Ra4+ 66. Kd5 Rd4+ 67. Ke5 Re4+ 68. Kf6 Re6+ 69. Kg5
Rxe7 70. f8=Q Rxg7+ 71. Qxg7 Kg1 72. Kh4+ Kf1 73. Qf6+ Kg1 74. Qg5+ Kf1 75.
Qf4+ Kg1 76. Qg3+ Kh1 77. Qxh3 Kg1 78. Qg3+ Kh1 79. Qf3+ Kg1 80. Qe3+ Kg2
81. Qe4+ Kg1 82. Kg3 h1=N+ 83. Kf4 Nf2 84. Qg6+ Kh2 85. Kf3 Ng4 86. Qh5+
Kg1 87. Qxg4+ Kf1 88. Qg2+ Ke1 1-0

[Event "Landsturneringen 2023"]
[Site "Vallhall, Oslo"]
[Date "2023.07.04"]
[Round "5"]
[White "Skogholt, Steinar Dieseth"]
[Black "Halvorsen, Frode"]
[Result "1-0"]
[WhiteElo "1211"]
[BlackElo "1373"]
[TimeControl "40/5400+30:1800+30"]
[BlackFideId "1558595"]
[WhiteFideId "1550047"]

1. d4 d5 2. c4 e6 3. Nc3 Nf6 4. Nf3 Be7 5. Bg5 O-O 6. e3 b6 7. cxd5 Nxd5 8.
Bxe7 Nxe7 9. Bd3 Bb7 10. O-O Nd7 11. Rc1 a6 12. Qe2 Nd5 13. Nxd5 Bxd5 14.
a3 a5 15. Rc3 c5 16. Bb5 cxd4 17. Nxd4 Nc5 18. Bc4 Ne4 19. Rc2 Rc8 20. Rfc1
Bxc4 21. Rxc4 Rxc4 22. Qxc4 Qf6 23. f3 Nd6 24. Qc7 e5 25. Ne2 e4 26. Kf2
exf3 27. gxf3 Ne4+ 28. Kg2 Qxb2 29. Rc2 Qxa3 30. fxe4 Qxe3 31. Qc4 Rd8 32.
Rc3 Qd2 33. Rf3 Rd7 34. Rf2 h6 35. Nf4 Qd1 36. h3 Rd4 37. Qc8+ Rd8 38. Qf5
a4 39. Nd5 f6 40. Qe6+ Kh7 41. Qxb6 Re8 42. Qa7 Qb3 43. Nxf6+ 1-0

[Event "Landsturneringen 2023"]
[Site "Vallhall, Oslo"]
[Date "2023.07.04"]
[Round "5"]
[White "Flyum, Geir Magne"]
[Black "Trondsen, Nicolai"]
[Result "1/2-1/2"]
[WhiteElo "1193"]
[BlackElo "1372"]
[TimeControl "40/5400+30:1800+30"]
[BlackFideId "1566695"]
[WhiteFideId "1574329"]

1. d4 Nf6 2. Bf4 c5 3. e3 Qb6 4. b3 cxd4 5. Qxd4 Qxd4 6. exd4 d5 7. Nd2 Nc6
8. Ngf3 Bd7 9. c3 e6 10. Bd3 Ba3 11. b4 Bb2 12. Rb1 Bxc3 13. a3 Nxd4 14.
O-O Nxf3+ 15. Nxf3 O-O 16. Rfc1 Rac8 17. Be5 Bxe5 18. Nxe5 Rxc1+ 19. Rxc1
Rc8 20. Rxc8+ Bxc8 21. Kf1 Nd7 22. Nf3 e5 23. Bf5 e4 24. Nd4 g6 25. Bg4 f5
26. Bd1 Kf7 27. f3 a6 28. a4 Nb6 29. a5 Nc4 30. Ke2 Kf6 31. f4 Bd7 32. Bb3
g5 33. Bxc4 dxc4 34. Ke3 h6 35. h3 Ba4 36. Ne2 h5 37. g3 h4 38. gxh4 gxh4
39. Nc3 Bc6 40. Nd1 Ke6 41. Kd4 Kd6 42. Ne3 Ke6 43. Nxc4 e3 44. Nxe3 Bh1
45. Kc5 Be4 46. Kd4 Bh1 47. Kc5 1/2-1/2

[Event "Landsturneringen 2023"]
[Site "Vallhall, Oslo"]
[Date "2023.07.04"]
[Round "5"]
[White "Germiani, Yaro"]
[Black "Bu, Knut Steinar"]
[Result "1/2-1/2"]
[WhiteElo "1196"]
[BlackElo "1310"]
[TimeControl "40/5400+30:1800+30"]
[BlackFideId "1528408"]
[WhiteFideId "1572075"]

1. e4 e5 2. Nf3 Nf6 3. Nc3 Bb4 4. Nxe5 d6 5. Nf3 Bxc3 6. dxc3 Nxe4 7. Qe2
Qe7 8. Ng5 Nxg5 9. Qxe7+ Kxe7 10. Bxg5+ f6 11. Bh4 Bf5 12. Bd3 Bg6 13.
O-O-O Nc6 14. Rhe1+ Kd7 15. Bb5 Rae8 16. Bd3 Bxd3 17. cxd3 Rxe1 18. Rxe1
Re8 19. Rxe8 Kxe8 20. f4 h5 21. h3 f5 22. Kd2 Ne7 23. Bxe7 Kxe7 24. Ke3 Ke6
25. c4 c6 26. d4 b6 27. g3 g6 28. b3 Ke7 29. Kf3 Kf6 30. h4 a6 31. a3 a5
32. Ke3 Ke6 33. b4 axb4 34. axb4 Ke7 35. c5 b5 36. Kd3 1/2-1/2

[Event "Landsturneringen 2023"]
[Site "Vallhall, Oslo"]
[Date "2023.07.04"]
[Round "5"]
[White "Suprianto, Anto"]
[Black "Olsen, Sondre"]
[Result "0-1"]
[WhiteElo "1261"]
[BlackElo "1340"]
[TimeControl "40/5400+30:1800+30"]
[BlackFideId "1560379"]
[WhiteFideId "1558820"]

1. c4 Nf6 2. Nc3 e6 3. Nf3 d5 4. e3 c5 5. d4 Nc6 6. cxd5 exd5 7. Bb5 Bd6 8.
dxc5 Bxc5 9. Ne5 Qc7 10. f4 O-O 11. Nxd5 Nxd5 12. Qxd5 Qa5+ 13. b4 Qxb4+
14. Kf2 Qxb5 15. Kg3 Nxe5 16. Qxe5 Re8 17. Qg5 f6 18. Qh5 g6 19. Qf3 Bd7
20. h4 Bc6 21. Qg4 f5 22. Qg5 Qe2 23. h5 Qxg2+ 24. Kh4 Qxh1+ 0-1

[Event "Landsturneringen 2023"]
[Site "Vallhall, Oslo"]
[Date "2023.07.04"]
[Round "5"]
[White "Muggerud, Steinar"]
[Black "Endeberg, Ivar"]
[Result "0-1"]
[WhiteElo "1245"]
[BlackElo "1353"]
[TimeControl "40/5400+30:1800+30"]
[BlackFideId "1526154"]
[WhiteFideId "1572750"]

1. Nf3 Nf6 2. d4 d5 3. Bf4 e6 4. e3 c5 5. c4 Nc6 6. Nc3 cxd4 7. exd4 Bb4 8.
Qb3 O-O 9. Ne5 Nxd4 10. Qd1 Nc6 11. Qf3 d4 12. O-O-O Qa5 13. Nxc6 bxc6 14.
Rxd4 Bxc3 15. Qxc3 Qxc3+ 16. bxc3 Ba6 17. Be5 Rfd8 18. Bxf6 gxf6 19. Bd3
Rxd4 20. cxd4 Rd8 21. Rd1 Kg7 22. c5 Bxd3 23. Rxd3 e5 24. d5 cxd5 25. Kc2
d4 26. Kb3 Kf8 27. Kc4 Ke7 28. f3 Rb8 29. Rb3 Rxb3 30. axb3 Kd7 31. b4 a6
32. g4 h6 33. h4 Ke6 34. b5 axb5+ 35. Kxb5 d3 36. c6 d2 37. Kb6 d1=Q 38.
Kb7 Kd6 39. c7 Qd5+ 40. Kb8 Qb5+ 41. Kc8 Qc6 0-1

[Event "Landsturneringen 2023"]
[Site "Vallhall, Oslo"]
[Date "2023.07.04"]
[Round "5"]
[White "Reppen, Ida Helene"]
[Black "Sørensen, Vidar Busch"]
[Result "0-1"]
[WhiteElo "1254"]
[BlackElo "1342"]
[TimeControl "40/5400+30:1800+30"]
[BlackFideId "1513869"]
[WhiteFideId "1527517"]

1. e4 c5 2. Nf3 Nc6 3. Nc3 e6 4. g3 d6 5. d4 cxd4 6. Nxd4 a6 7. Nxc6 bxc6
8. Bg2 Bb7 9. Be3 Nf6 10. Bg5 h6 11. Bxf6 Qxf6 12. f4 Qe7 13. O-O g6 14.
Qd4 e5 15. Qa4 Bg7 16. Nd5 Qd8 17. fxe5 Bxe5 18. Rxf7 Kxf7 19. Rf1+ Kg7 20.
Qb3 Rb8 21. Nf4 Qe7 22. Ne6+ Kg8 23. Nf8+ Kg7 24. Nd7 Qxd7 25. Bh3 Qe7 26.
c3 Rhf8 0-1

[Event "Landsturneringen 2023"]
[Site "Vallhall, Oslo"]
[Date "2023.07.05"]
[Round "6"]
[White "Olsen, Sondre"]
[Black "Schouten, Ken Ronny"]
[Result "0-1"]
[WhiteElo "1340"]
[BlackElo "1339"]
[TimeControl "40/5400+30:1800+30"]
[BlackFideId "1533010"]
[WhiteFideId "1560379"]

1. d4 d5 2. Nf3 c6 3. c4 Nf6 4. Nc3 Bf5 5. Bg5 Nbd7 6. e3 h6 7. Bh4 e6 8.
Bd3 Bxd3 9. Qxd3 Be7 10. O-O O-O 11. c5 Re8 12. Bg3 Nh5 13. b4 Nxg3 14.
hxg3 Bf6 15. Nd2 e5 16. Nb3 exd4 17. exd4 Nf8 18. Rfe1 Ne6 19. Re2 Qd7 20.
Rae1 Re7 21. Nd1 Rae8 22. f3 Qc7 23. Kf2 h5 24. Qf5 Nxd4 25. Rxe7 Rxe7 26.
Rxe7 Qxe7 27. Qd3 Nxb3 28. Qxb3 b6 29. Qe3 bxc5 30. bxc5 a5 31. Ke2 Kf8 32.
Nf2 Bd4 33. Qxe7+ Kxe7 34. Nd3 g5 35. Kd2 Kd7 36. Kc2 Ke6 37. Kb3 Kf5 38.
Ka4 Bc3 39. Kb3 d4 40. Kc4 g4 41. fxg4+ hxg4 42. Nc1 Ke4 43. Ne2 Ke3 44.
Nxc3 dxc3 45. Kxc3 Kf2 46. Kd4 Kxg2 47. Ke5 Kxg3 48. Kd6 Kf4 49. Kxc6 g3
50. Kb5 g2 51. c6 g1=Q 52. c7 Qg8 53. Kxa5 Qc8 54. Kb6 Ke5 55. Kc6 f5 56.
a4 f4 57. a5 f3 58. a6 Qxa6+ 59. Kd7 Qd6+ 60. Kc8 f2 61. Kb7 Qd7 0-1

[Event "Landsturneringen 2023"]
[Site "Vallhall, Oslo"]
[Date "2023.07.05"]
[Round "6"]
[White "Granqvist, Arnold"]
[Black "Skogholt, Steinar Dieseth"]
[Result "1-0"]
[WhiteElo "1273"]
[BlackElo "1211"]
[TimeControl "40/5400+30:1800+30"]
[BlackFideId "1550047"]
[WhiteFideId "109105211"]

1. b3 d5 2. Bb2 Nf6 3. e3 c5 4. Nf3 Bg4 5. h3 Bxf3 6. Qxf3 Nc6 7. Be2 e5 8.
Qg3 Ne4 9. Qh2 Bd6 10. c4 d4 11. d3 Qa5+ 12. Kf1 Nd2+ 13. Nxd2 Qxd2 14. Ba3
dxe3 15. fxe3 Qxe3 16. Re1 Qg5 17. Bf3 Qf5 18. Ke2 Nd4+ 19. Kd2 Nxf3+ 20.
gxf3 O-O-O 21. Qf2 Kb8 22. Re4 Qg5+ 23. Kc2 f5 24. Rg1 Qf6 25. Re2 b6 26.
Bb2 Bc7 27. Qe3 Rd4 28. Bxd4 cxd4 29. Qg5 Qd6 30. Qxg7 Rf8 31. Qxh7 Qb4 32.
Rd1 Qc3+ 33. Kb1 Bd8 34. Qh6 Qb4 35. Rxe5 Bc7 36. Re2 Bd8 37. Qf4+ 1-0

[Event "Landsturneringen 2023"]
[Site "Vallhall, Oslo"]
[Date "2023.07.05"]
[Round "6"]
[White "Halvorsen, Frode"]
[Black "Flyum, Geir Magne"]
[Result "1/2-1/2"]
[WhiteElo "1373"]
[BlackElo "1193"]
[TimeControl "40/5400+30:1800+30"]
[BlackFideId "1574329"]
[WhiteFideId "1558595"]

1. e4 e5 2. Nf3 Nc6 3. Bb5 a6 4. Bxc6 dxc6 5. h3 Nf6 6. O-O Bd6 7. Re1 O-O
8. d4 Nd7 9. c3 c5 10. b3 cxd4 11. cxd4 exd4 12. Qxd4 Re8 13. Bb2 Bf8 14.
Nbd2 Nf6 15. Qc3 Be6 16. Rad1 Qe7 17. Qc2 Rad8 18. Ng5 Qc5 19. Qxc5 Bxc5
20. e5 Nd5 21. Nde4 Bb4 22. Re2 Bf5 23. Bd4 h6 24. Ng3 hxg5 25. Nxf5 Nc3
26. Rde1 Nxe2+ 27. Rxe2 c5 28. Bb2 Rd2 29. Rxd2 Bxd2 30. Nd6 Re7 31. Ne4 b6
32. Nxd2 f6 33. exf6 gxf6 34. Bxf6 Re1+ 35. Nf1 g4 36. hxg4 Re2 37. Bd8 b5
38. Bb6 c4 39. bxc4 bxc4 40. a3 c3 41. Ne3 c2 42. Nxc2 Rxc2 43. Ba5 Kf7 44.
f3 Kg6 45. Kh2 Kg5 46. Kg3 Rc4 47. Bb4 Rd4 48. Be7+ Kg6 49. Kh4 Rd2 50. Kg3
Rd4 51. f4 Rd3+ 52. Kh4 Rd1 53. f5+ Kf7 54. f6 Rh1+ 55. Kg3 Rf1 56. g5 Kg6
57. Kg4 Rf5 58. Kh4 Rf4+ 59. Kg3 Rf5 60. Bd8 Rxg5+ 61. Kf3 Rf5+ 62. Ke4 Rf2
63. g4 Rg2 64. Kf3 Rg1 65. Be7 Re1 66. Kf2 Re6 67. g5 Re4 68. Kf3 Re1 69.
Kf4 Re2 70. Bc5 Re6 71. Bd4 Re2 72. Be3 Re1 73. Kf3 Rb1 74. Ke4 Rb5 75. Kd4
Ra5 76. Bc1 Rb5 77. Kc4 Rb1 78. Bd2 Rb5 79. a4 Rf5 80. Kb4 Re5 81. a5 Rd5
82. Bc1 Rb5+ 83. Ka4 Re5 84. Bd2 1/2-1/2

[Event "Landsturneringen 2023"]
[Site "Vallhall, Oslo"]
[Date "2023.07.05"]
[Round "6"]
[White "Hrituleac, Paul"]
[Black "Skotheim, Håvard"]
[Result "1/2-1/2"]
[WhiteElo "1254"]
[BlackElo "1317"]
[TimeControl "40/5400+30:1800+30"]
[BlackFideId "1521128"]
[WhiteFideId "1575023"]

1. d4 Nf6 2. c4 c5 3. Nf3 cxd4 4. Nxd4 d6 5. Nc3 e5 6. Nf3 Be7 7. e3 O-O 8.
b3 Nc6 9. Be2 a6 10. Bb2 Rb8 11. O-O Re8 12. Qd2 Bf8 13. Rad1 b6 14. Qc2 e4
15. Ng5 Bf5 16. f3 exf3 17. Qxf5 fxe2 18. Nxe2 Ne5 19. Nd4 h6 20. Ngf3 g6
21. Qh3 Qd7 22. Qxd7 Nxf3+ 23. Rxf3 Nxd7 24. Nc6 Rbc8 25. Nb4 a5 26. Nd5
Rb8 27. Bd4 Rb7 28. g4 b5 29. cxb5 Bg7 30. Bxg7 Kxg7 31. a4 Ne5 32. Rg3 Nd7
33. b4 axb4 34. Nxb4 Re4 35. Rd4 Nc5 36. Rxe4 Nxe4 37. Rg2 Nc3 38. Rd2 Nxa4
39. Rxd6 Rxb5 40. Nd5 Rb1+ 41. Kg2 Rb2+ 42. Kg3 Re2 43. Rd7 Nc5 44. Ra7 Nd3
45. h3 Ne5 46. Kf4 Nc4 47. Kf3 1/2-1/2

[Event "Landsturneringen 2023"]
[Site "Vallhall, Oslo"]
[Date "2023.07.05"]
[Round "6"]
[White "Bu, Knut Steinar"]
[Black "Suprianto, Anto"]
[Result "1/2-1/2"]
[WhiteElo "1310"]
[BlackElo "1261"]
[TimeControl "40/5400+30:1800+30"]
[BlackFideId "1558820"]
[WhiteFideId "1528408"]

1. e4 e5 2. Nf3 Nc6 3. Bb5 Bc5 4. O-O Nf6 5. d3 O-O 6. c3 a6 7. Ba4 b5 8.
Bb3 d6 9. h3 b4 10. Bg5 Be6 11. Nbd2 a5 12. Re1 Kh8 13. Nf1 h6 14. Be3 Qe7
15. Ng3 Rfd8 16. Nf5 Bxf5 17. exf5 Bxe3 18. Rxe3 Na7 19. a3 c5 20. axb4
cxb4 21. Rxa5 bxc3 22. bxc3 Nc6 23. Ra4 Qb7 24. Re2 Ne7 25. Bxf7 Ned5 26.
Be6 Rxa4 27. Qxa4 Nxc3 28. Qc2 Nxe2+ 29. Qxe2 Qb4 30. g3 Ra8 31. Nh4 Ra1+
32. Kh2 Qb1 33. Ng6+ Kh7 34. Nf8+ 1/2-1/2

[Event "Landsturneringen 2023"]
[Site "Vallhall, Oslo"]
[Date "2023.07.05"]
[Round "6"]
[White "Jacobsen, Geir Kristian"]
[Black "Bredeli, Håvard Iversen"]
[Result "1/2-1/2"]
[WhiteElo "1209"]
[BlackElo "1319"]
[TimeControl "40/5400+30:1800+30"]
[BlackFideId "1514440"]
[WhiteFideId "1574663"]

1. e4 e6 2. d4 d5 3. Nc3 Bb4 4. a3 Bxc3+ 5. bxc3 dxe4 6. Qg4 g6 7. Qxe4 Nf6
8. Qf3 O-O 9. Bd3 Nbd7 10. Ne2 e5 11. O-O Re8 12. Ng3 exd4 13. cxd4 Nb6 14.
Bg5 Nbd5 15. c4 Bg4 16. Qxd5 Nxd5 17. Bxd8 Raxd8 18. cxd5 Rxd5 19. Ne4 Kg7
20. Bc2 Rxd4 21. Ng3 c5 22. h3 Bd7 23. Rfe1 Rxe1+ 24. Rxe1 Bc6 25. Be4 Bxe4
26. Rxe4 Rxe4 27. Nxe4 c4 28. Kf1 f5 29. Nc3 Kf6 30. Ke2 Ke5 31. Ke3 f4+
32. Kd2 g5 33. f3 Kd4 34. a4 a6 35. a5 Kc5 36. Ne4+ Kb4 37. Nxg5 Kxa5 38.
Kc3 Kb5 39. Ne4 a5 40. Nd6+ Ka4 41. Nxc4 b5 42. Nb2+ Ka3 1/2-1/2

[Event "Landsturneringen 2023"]
[Site "Vallhall, Oslo"]
[Date "2023.07.05"]
[Round "6"]
[White "Amarapala, Anton"]
[Black "Muggerud, Steinar"]
[Result "0-1"]
[WhiteElo "1373"]
[BlackElo "1245"]
[TimeControl "40/5400+30:1800+30"]
[BlackFideId "1572750"]
[WhiteFideId "1517406"]

1. d4 d5 2. Bf4 Nf6 3. Nf3 Bf5 4. e3 e6 5. Nbd2 c5 6. Bb5+ Nbd7 7. Ne5 a6
8. Bxd7+ Nxd7 9. Ndf3 Bd6 10. Nxf7 Qa5+ 11. c3 Bxf4 12. Nxh8 Bh6 13. Nh4
Qb5 14. Nxf5 exf5 15. Qh5+ Ke7 16. Qf7+ Kd6 17. dxc5+ Nxc5 18. Rd1 Nd3+ 19.
Rxd3 Qxd3 20. Qxb7 Qb1+ 21. Ke2 Qc2+ 22. Kf3 Rxh8 23. Qxa6+ Ke5 24. Qb7 Re8
25. Qc7+ Kf6 26. Qd6+ Re6 27. Qxd5 g5 28. Qd4+ Kg6 29. g4 Bg7 30. Qd5 fxg4+
31. Kg2 Rxe3 32. Qd6+ Kh5 33. Qd5 Kh4 34. Rf1 Be5 35. Kh1 Re2 36. Qg2 Qe4
37. Qxe4 Rxe4 38. Rb1 Re2 39. Kg2 g3 40. hxg3+ Bxg3 41. Rh1+ Kg4 42. Rf1
Rxb2 43. a4 h5 44. Kg1 Be5 45. c4 Rb4 46. Rc1 Rxa4 47. Rc2 Kh3 48. Kf1 g4
49. c5 Kh4 50. c6 Bc7 51. Kg2 Kg5 52. Rc5+ Kg6 53. Rc3 h4 54. Rc1 Ra2 55.
Kh1 h3 56. Kg1 Rd2 57. Kf1 Kf6 58. Ke1 0-1

[Event "Landsturneringen 2023"]
[Site "Vallhall, Oslo"]
[Date "2023.07.05"]
[Round "6"]
[White "Trondsen, Nicolai"]
[Black "Jørgensen, Catherine"]
[Result "0-1"]
[WhiteElo "1372"]
[BlackElo "1256"]
[TimeControl "40/5400+30:1800+30"]
[BlackFideId "1562932"]
[WhiteFideId "1566695"]

1. e4 c5 2. Nf3 g6 3. d4 cxd4 4. Nxd4 Nf6 5. Nc3 Nc6 6. Bc4 Bg7 7. Be3 Qa5
8. Nb3 Qc7 9. Nd5 Nxd5 10. exd5 Ne5 11. Be2 d6 12. Bd4 O-O 13. f4 Nd7 14.
Bxg7 Kxg7 15. Qd3 Nf6 16. g4 Bxg4 17. Bxg4 Nxg4 18. h3 Nf6 19. O-O-O Rae8
20. Rdg1 Rh8 21. f5 Reg8 22. Nd4 Qc8 23. fxg6 hxg6 24. Nf5+ Kf8 25. Ng3
Rxh3 26. Rxh3 Qxh3 27. Rh1 Qg4 28. Ne2 Qg5+ 29. Kb1 Qxd5 30. Qxd5 Nxd5 0-1

[Event "Landsturneringen 2023"]
[Site "Vallhall, Oslo"]
[Date "2023.07.05"]
[Round "6"]
[White "Rothschild, Frank Robert"]
[Black "Reppen, Ida Helene"]
[Result "1-0"]
[WhiteElo "1255"]
[BlackElo "1254"]
[TimeControl "40/5400+30:1800+30"]
[BlackFideId "1527517"]
[WhiteFideId "1544934"]

1. e4 c5 2. f4 e6 3. Nf3 g6 4. d3 d5 5. e5 b5 6. d4 cxd4 7. Nxd4 a6 8. c3
Nh6 9. Nd2 Nf5 10. N2f3 Ne7 11. Be3 Nbc6 12. Be2 Bh6 13. Nxc6 Nxc6 14. g3
Bb7 15. O-O Qc7 16. Qd2 O-O-O 17. Rac1 Bg7 18. Nd4 Kb8 19. Nxc6+ Qxc6 20.
Bd4 h5 21. h4 Rdg8 22. b3 Rd8 23. Bf3 Qc7 24. Qe3 Qe7 25. Ba7+ Ka8 26. Bd4
Rc8 27. c4 f6 28. cxb5 axb5 29. Bc5 Qf7 30. b4 Ba6 31. Qa3 Qb7 32. Bd6 fxe5
33. fxe5 Bh6 34. Rc3 Rxc3 35. Qxc3 Rc8 36. Qd3 Qg7 37. a4 Rc4 38. axb5 Qa7+
39. Bc5 1-0